 Dungeon Crawl Stone Soup version 0.21-a0-153-g78480df (webtiles) character file.

202 AverageBear the Cutter (level 5, -2/27 HPs)
             Began as a Deep Elf Fighter on Aug 1, 2017.
             Slain by a soldier ant (8 damage)
             ... on level 5 of the Dungeon.
             The game lasted 00:02:59 (3599 turns).

AverageBear the Cutter (Deep Elf Fighter)           Turns: 3599, Time: 00:03:00

Health: -2/27      AC:  7    Str: 11 (14) XL:     5   Next: 50%
Magic:  7/7        EV: 11    Int: 12 (13) God:
Gold:   299        SH:  8    Dex: 16 (19) Spells: 4/4 levels left

rFire    + . .     SeeInvis .   a - +0 rapier
rCold    + . .     Gourm    .   c - +0 shield
rNeg     . . .     Faith    .   b - +1 scale mail
rPois    +         Spirit   .   (no helmet)
rElec    +         Reflect  .   (no cloak)
rCorr    +         Harm     .   (no gloves)
MR       .....                  (no boots)
Stlth    +.........             (no amulet)
HPRegen  0.09/turn              (no ring)
MPRegen  0.10/turn              (no ring)

@: agile, lethally poisoned (-2 -> -12), resistant
A: talons 1, frail 1, screaming 1
a: no special abilities


You were on level 5 of the Dungeon.
You were not hungry.

You visited 1 branch of the dungeon, and saw 5 of its levels.

You collected 299 gold pieces.

Inventory:

Hand Weapons
 a - a +0 rapier (weapon)
Armour
 b - a +1 scale mail (worn)
 c - a +0 shield (worn)
Scrolls
 h - 3 scrolls of remove curse
 m - 3 scrolls of recharging
 q - 4 scrolls of teleportation
 u - a scroll of amnesia
Potions
 e - a potion of flight
 i - 2 potions of curing
 j - 2 potions of heal wounds
Comestibles
 d - 2 chunks of flesh
 f - 3 bread rations
 g - 7 meat rations
 l - 3 fruits
 p - 2 royal jellies


   Skills:
 - Level 2.4 Fighting
 + Level 5.8 Short Blades
 - Level 2.4 Armour
 - Level 2.4 Shields


You had 4 spell levels left.
You didn't know any spells.

Dungeon Overview and Level Annotations

Branches:
Dungeon (5/15)
 Temple: D:4-7

Altars:
Qazlal
Ru
Trog
Uskayaw
Xom


Innate Abilities, Weirdness & Mutations

You have sharp toenails.
You are frail. (-10% HP)
You occasionally shout uncontrollably at your foes.


Message History

You feel sick.
There is a stone staircase leading up here.
It was a potion of resistance.
You feel protected.
You feel sick. The soldier ant barely misses you.
It was a potion of mutation.
You feel extremely strange.
You feel frail.
You feel the urge to shout.
Your toenails lengthen and sharpen.
You feel sick. The soldier ant stings you.
It was a potion of degeneration.
There was something very wrong with that liquid.
You feel weakened.
You feel dopey.
You feel clumsy.
You feel sick. You block the soldier ant's attack.
It was a potion of agility.
You feel agile all of a sudden.
You feel sick. The soldier ant stings you.
* * * LOW HITPOINT WARNING * * *
You hit the soldier ant but do no damage.
* * * LOW HITPOINT WARNING * * *
You feel sick. The soldier ant stings you!
You die...

### ..# #.. #
### #.# .# .
... #.###.#..
.. #........
#.####........
#..@aa...#.##.
#####.........
#.#..#....
#.#..[....
#.#.##.##.
#.#.. ...
#.... ...
###.## #. .#


You could see a soldier ant and a worker ant.

Vanquished Creatures
  A bullfrog skeleton (D:4)
  An orc wizard (D:1)
  A worker ant (D:4)
  3 adders
  4 worms
  A dart slug (D:1)
  A leopard gecko (D:3)
  2 orcs
  3 giant cockroaches (D:1)
  11 goblins
  14 hobgoblins
  9 jackals
  7 kobolds
  8 bats
  3 frilled lizards
  A quokka skeleton (D:3)
  6 rats
76 creatures vanquished.

Notes
Turn   | Place    | Note
-------+----------+-------------------------------------------
     0 | D:1      | AverageBear the Deep Elf Fighter began the quest for the Orb.
     0 | D:1      | Reached XP level 1. HP: 13/13 MP: 3/3
    13 | D:1      | Noticed a minotaur skeleton
   133 | D:1      | Reached XP level 2. HP: 11/18 MP: 4/4
   350 | D:1      | Reached skill level 3 in Short Blades
   695 | D:1      | Reached XP level 3. HP: 17/22 MP: 5/5
   835 | D:1      | Reached skill level 4 in Short Blades
  1345 | D:2      | Reached XP level 4. HP: 10/27 MP: 6/6
  2574 | D:3      | Found a stormy altar of Qazlal.
  2596 | D:3      | Found a bloodstained altar of Trog.
  2810 | D:3      | Found a sacrificial altar of Ru.
  2905 | D:4      | Reached skill level 5 in Short Blades
  2920 | D:4      | Reached XP level 5. HP: 8/31 MP: 7/7
  3174 | D:4      | Found a shimmering altar of Xom.
  3373 | D:4      | Found a hide-covered altar of Uskayaw.
  3582 | D:5      | Entered Level 5 of the Dungeon
  3588 | D:5      | Noticed a soldier ant
  3596 | D:5      | Gained mutation: You are frail. (-10% HP) [potion of mutation]
  3596 | D:5      | Gained mutation: You occasionally shout uncontrollably at your foes. [potion of mutation]
  3596 | D:5      | Gained mutation: You have sharp toenails. [potion of mutation]
  3599 | D:5      | Slain by a soldier ant

Vault maps used:
D:1:      shiori_arrival_whats_in_store_for_you, minmay_misc_feat_alley
D:2:      first_bread, grunt_decor_mini_mirrors
D:3:      bloody_trog, nicolae_ru_the_path_less_chosen, old_standard_altar
D:4:      eat_drink_and_be_merry_uskayaw, nicolae_overflow_crystal_walls
D:5:      kennysheep_mini_moat, lemuel_temple_firewalk_b

Skill      XL: |  1  2  3  4 |
---------------+-------------+-----
Short Blades   | 3 4 5 |  5.8
Fighting       | |  2.4
Armour         | |  2.4
Shields        | |  2.4

Action                   |  1- 3 |  4- 6 || total
-------------------------+-------+-------++-------
Melee: Rapier            |   126 |   186 ||   312
  Use: Scroll            |     5 |     6 ||    11
       Potion            |     1 |     6 ||     7
  Eat: Chunk             |     2 |     7 ||     9
Armor: Scale mail        |    57 |    64 ||   121
Dodge: Dodged            |    35 |    43 ||    78
Block: Shield            |    48 |    95 ||   143
